 Dungeon Crawl Stone Soup version 0.27.1-33-g824d729ab1 (webtiles) character file.

Game seed: 12907373770409606984

2131 comborobin the Covert (level 9, -3/61 HPs)
             Began as an Octopode Brigand on Dec 29, 2021.
             Was a Follower of Cheibriados.
             Slain by an orc warrior (15 damage)
             ... on level 7 of the Dungeon.
             The game lasted 00:11:30 (9635 turns).

comborobin the Covert (Octopode Brigand)            Turns: 9635, Time: 00:11:31

Health: -3/61      AC:  1    Str: 14    XL:     9   Next: 30%
Magic:  22/22      EV: 13    Int: 18    God:    Cheibriados [*.....]
Gold:   422        SH:  5    Dex: 17    Spells: 11/14 levels left

rFire    . . .     SeeInvis .   a - +2 dagger (vamp)
rCold    + . .     Faith    .   i - +0 buckler {rN+}
rNeg     + . .     Spirit   .   (helmet restricted)
rPois    .         Reflect  .   (no amulet)
rElec    .         Harm     .   p - ring of magical power
rCorr    .         Rampage  .   E - ring of protection from cold
Will     .....                  (no ring)
Stlth    +++++.....             (no ring)
HPRegen  0.20/turn              (no ring)
MPRegen  0.18/turn              (no ring)
                                (no ring)
                                (no ring)

@: lethally poisoned (-3 -> -15), very slow
A: almost no armour, amphibious, 8 rings, camouflage 1, gelatinous body 1,
(nimble swimmer 1), tentacles
a: Renounce Religion, Bend Time


You were on level 7 of the Dungeon.
You worshipped Cheibriados.
Cheibriados was aware of your devotion.
You visited 2 branches of the dungeon, and saw 9 of its levels.
You also visited: Sewer.

You collected 422 gold pieces.

Inventory:

Hand Weapons
 a - a +2 vampiric dagger (weapon)
 g - a +0 long sword of freezing
 j - a +2 antimagic mace
 A - a +0 long sword
 C - a +2 dagger
Missiles
 b - 19 poisoned darts (quivered)
Armour
 i - a +0 buckler of positive energy (worn)
Jewellery
 p - a ring of magical power (left tentacle)
 E - a ring of protection from cold (right tentacle)
Wands
 l - a wand of iceblast (11)
 r - a wand of flame (20)
 u - a wand of paralysis (6)
Scrolls
 d - 7 scrolls of teleportation {unknown}
 e - 3 scrolls of enchant weapon {unknown}
 f - 4 scrolls of enchant armour {unknown}
 k - a scroll of amnesia
 q - 2 scrolls of fog {unknown}
 s - 6 scrolls of identify
 w - a scroll of magic mapping
 y - 2 scrolls of immolation {unknown}
Potions
 c - a potion of flight {unknown}
 m - 2 potions of curing {unknown}
 n - 2 potions of brilliance {unknown}
 o - a potion of cancellation
 t - a potion of magic {unknown}
 v - 3 potions of ambrosia {unknown}
 z - a potion of might {unknown}
Miscellaneous
 B - a lightning rod (4/4)


   Skills:
 - Level 5.0 Fighting
 - Level 5.0 Short Blades
 - Level 2.0 Throwing
 - Level 2.1 Dodging
 - Level 8.5 Stealth
 - Level 4.0 Shields
 - Level 3.0 Spellcasting
 - Level 2.0 Conjurations
 - Level 2.0 Air Magic
 - Level 5.0 Poison Magic
 + Level 3.8 Evocations


You had 11 spell levels left.
You knew the following spells:

 Your Spells              Type           Power      Damage    Failure   Level
e - Mephitic Cloud        Conj/Pois/Air  13%        N/A       14%         3

Your spell library contained the following spells:

 Spells                   Type           Power      Damage    Failure   Level
 Slow                     Hex            2%         N/A       24%         2
 Ignite Poison            Fire/Tmut/Pois 8%         N/A       26%         3
 Confusing Touch          Hex            2%         N/A       43%         3
 Bolt of Magma            Conj/Fire/Erth 2%         4d4       98%         5
 Yara's Violent Unravell  Hex/Tmut       1%         3d3       99%         5


Dungeon Overview and Level Annotations

Branches:
Dungeon (8/15)             Temple (1/1) D:5           Sewer (visited)
   Lair: D:8-11

Altars:
Ashenzari
Cheibriados
Dithmenos
Elyvilon
Fedhas
Gozag
Hepliaklqana
Kikubaaqudgha
Makhleb
Nemelex Xobeh
Qazlal
Ru
Trog
Uskayaw
Yredelemnul
Zin

Shops:
D:5 *   D:8 ?


Innate Abilities, Weirdness & Mutations

You cannot wear most types of armour.
You are amphibious.
You can wear up to eight rings at the same time.
Your skin changes colour to match your surroundings (Stealth+).
Your rubbery body absorbs attacks. (AC +1, EV +1)
((You are camouflaged near water. (Stealth+)))
You have tentacles for arms and can constrict up to eight enemies at once.


Message History

You release your grip on the orc warrior.
Found a stone staircase leading down.
You feel very sick.
The orc warrior hits you with a +0 hand axe.
There is a stone staircase leading up here.
You feel sick.
The gnoll sergeant hits you from afar with a +1 spear of venom.
You are more poisoned.
The gnoll closely misses you. You block the orc warrior's attack.
You climb upwards.
You feel very sick.
Found a scroll of identify.
There is a stone staircase leading down here.
Unknown command.
Okay, then.
Aiming: Throw Flame
Press: ? - help, Shift-Dir - straight line, f - orc warrior
Aim: an orc warrior, wielding a +0 hand axe and wearing a +0 plate armour (lightly wounded, 71% to hit)
Okay, then.
Aiming: Paralyse
Press: ? - help, Shift-Dir - straight line, f - orc warrior
Aim: an orc warrior, wielding a +0 hand axe and wearing a +0 plate armour (lightly wounded, chance to affect: 57%)
The orc warrior resists with significant effort.
You feel very sick. The orc warrior misses you.
Aiming: Paralyse
Press: ? - help, Shift-Dir - straight line, f/p - orc warrior
Aim: an orc warrior, wielding a +0 hand axe and wearing a +0 plate armour (lightly wounded, chance to affect: 57%)
The orc warrior resists with significant effort.
You feel sick.
The orc warrior hits you with a +0 hand axe!
* * * LOW HITPOINT WARNING * * *
Aiming: Paralyse
Press: ? - help, Shift-Dir - straight line, f/p - orc warrior
Aim: an orc warrior, wielding a +0 hand axe and wearing a +0 plate armour (lightly wounded, chance to affect: 57%)
The orc warrior resists with significant effort.
* * * LOW HITPOINT WARNING * * *
You feel sick.
The orc warrior hits you with a +0 hand axe!
You die...

#.###.###..>## #.# #
#.##.###. #.# #.# #...#
#.# #........ #.# #.#
#.#.####.#####.##.##.####
..# #.#
#..(##.....<(.).y....#
### #.#
##.###.###.###..#.##.#
#.####.# #.# .# #y # #..
#......###.# # # ###
#.###...##.###.###?. ###
#...........@o......
..#######...##.########.
...........###.# .#
...######### #.########.#
...# ##.......... #..#
##P.P...^.§# #..#
#....P..§§.# # #..#
#.P_....._### .# #..#
#P...P..#≈.≈#..


You could see an orc warrior.

Vanquished Creatures
  A wyvern (D:8)
  A steam dragon (D:7)
  A water moccasin (D:6)
  Duvessa (D:6)
  A black bear (D:6)
  Purgy (Sewer)
  2 necrophages
  2 ogres
  A phantom (D:4)
  2 bullfrogs (D:6)
  A wyvern zombie (D:6)
  Dowan (D:6)
  3 killer bees (D:7)
  A howler monkey (D:6)
  A centaur zombie (D:8)
  A jelly (D:4)
  2 centaur skeletons
  A bullfrog skeleton (D:7)
  2 hounds
  4 iguanas
  Jessica (D:3)
  An orc wizard (D:5)
  A scorpion zombie (D:5)
  2 hound skeletons
  7 adders
  A gnoll (D:8)
  2 white imps
  An ufetubus (D:3)
  An adder zombie (D:5)
  4 worms
  3 dart slugs
  12 orcs
  8 endoplasms
  6 giant cockroaches
  15 goblins
  5 hobgoblins
  7 jackals
  7 kobolds
  7 quokkas
  5 ball pythons
  6 bats
  3 rats
135 creatures vanquished.

Vanquished Creatures (others)
  A goblin (D:4)
  5 fungi (D:7)
  2 plants (D:7)
8 creatures vanquished.

Grand Total: 143 creatures vanquished

Notes
Turn   | Place    | Note
-------+----------+-------------------------------------------
     0 | D:1      | comborobin the Octopode Brigand began the quest for the
                  | Orb.
     0 | D:1      | Reached XP level 1. HP: 14/14 MP: 1/1
   255 | D:1      | Reached XP level 2. HP: 13/19 MP: 2/2
   358 | D:1      | Found a faded altar of an unknown god.
   766 | D:1      | Reached XP level 3. HP: 24/25 MP: 3/3
  1463 | D:2      | Reached XP level 4. HP: 30/30 MP: 4/4
  2314 | D:2      | Learned a level 3 spell: Mephitic Cloud
  3118 | D:3      | Noticed Jessica
  3125 | D:3      | Killed Jessica
  3126 | D:3      | Reached XP level 5. HP: 36/36 MP: 5/5
  3145 | D:3      | Reached skill level 1 in Poison Magic
  3653 | D:3      | Reached skill level 1 in Conjurations
  3886 | D:3      | Reached skill level 1 in Spellcasting
  3886 | D:3      | Reached skill level 1 in Air Magic
  4074 | D:4      | Reached skill level 1 in Shields
  4249 | D:4      | Reached XP level 6. HP: 19/42 MP: 7/7
  4730 | D:4      | Reached XP level 7. HP: 24/46 MP: 9/9
  4929 | D:4      | Found a shadowy altar of Dithmenos.
  4937 | D:4      | Reached skill level 6 in Stealth
  5120 | D:4      | Found a burning altar of Makhleb.
  5144 | D:5      | Entered Level 5 of the Dungeon
  6019 | D:5      | Found Lanlun's Luxury Loot.
  6064 | D:5      | Found a staircase to the Ecumenical Temple.
  6083 | Temple   | Entered the Ecumenical Temple
  6139 | Temple   | Became a worshipper of Cheibriados the Contemplative
  6179 | D:5      | Reached XP level 8. HP: 47/54 MP: 11/11
  7301 | D:6      | Noticed Dowan
  7304 | D:6      | Noticed Duvessa
  7316 | D:6      | Killed Dowan
  7327 | D:6      | Killed Duvessa
  7328 | D:6      | Reached skill level 7 in Stealth
  7510 | D:6      | Found a glowing drain.
  7533 | Sewer    | Entered a sewer
  7619 | Sewer    | Noticed Purgy
  7632 | Sewer    | Killed Purgy
  7701 | Sewer    | Reached * piety under Cheibriados
  7834 | D:6      | Reached skill level 5 in Short Blades
  7834 | D:6      | Reached skill level 5 in Poison Magic
  8735 | D:7      | Reached XP level 9. HP: 60/60 MP: 13/13
  8775 | D:7      | Reached skill level 5 in Fighting
  8775 | D:7      | Reached skill level 8 in Stealth
  8775 | D:7      | Identified the +1 ring mail of Hopscotch {rPois Dex+4
                  | Slay-3}
  9065 | D:7      | Reached skill level 1 in Evocations
  9429 | D:7      | Found a blossoming altar of Fedhas.
  9445 | D:7      | Found a stormy altar of Qazlal.
  9456 | D:7      | You fall into a shaft and drop 1 floor!
  9456 | D:8      | Found a broken altar of Ashenzari.
  9478 | D:8      | Found Mituexeatz's Magic Scroll Emporium.
  9635 | D:7      | Slain by an orc warrior

Illustrated notes

Levels and vault maps discovered:
D:1:      evilmike_arrival_crescent, layout_rooms,
          hellmonk_ecumenical_altar_crossroads, minmay_unequal
D:2:      layout_loops_corners, glass_columns_a
D:3:      layout_basic, minivault_24, uniq_jessica
D:4:      layout_rooms, bloody_makhleb, nicolae_dithmenos_shadow_blocks
D:5:      layout_basic, minmay_temple_entry_butterflies, nicolae_alphabet_shops,
          amethyst_killhole
D:6:      layout_loops_corners, cheibrodos_sewer_entry_bend,
          hangedman_decor_slide_cut, kennysheep_generic_room_8, uniq_duvessa
D:7:      layout_loops_ring, old_standard_altar,
          grunt_temple_overflow_forces_of_nature, guppyfry_shop_venom
D:8:      layout_loops_ring, ashenzari_conservatory_becter, serial_shops,
          nicolae_shop_crystal, minmay_misc_feat_rows
Temple:   regret_index_temple_sphere_string

Skill      XL: |  1  2  3  4  5  6  7  8  9 |
---------------+----------------------------+-----
Short Blades   | 3 4 5 |  5.0
Dodging        | 2 |  2.1
Poison Magic   | 1 2 3 5 |  5.0
Fighting       | 3 4 5 |  5.0
Conjurations   | 1 2 |  2.0
Spellcasting   | 1 2 3 |  3.0
Air Magic      | 1 2 |  2.0
Shields        | 1 2 3 4 |  4.0
Stealth        | 6 7 8 |  8.5
Evocations     | 3 |  3.8
Throwing       | |  2.0

Action                   |  1- 3 |  4- 6 |  7- 9 || total
-------------------------+-------+-------+-------++-------
Melee: Dagger            |    61 |   107 |   164 ||   332
       Constrict         |    13 |    22 |    27 ||    62
       Tentacles         |     8 |    15 |    37 ||    60
       Unarmed           |       |       |    16 ||    16
Throw: Dart              |     1 |     1 |    14 ||    16
 Cast: Mephitic Cloud    |       |       |     6 ||     6
Evoke: Wand              |       |     5 |    10 ||    15
  Use: Scroll            |       |     7 |       ||     7
       Potion            |       |       |     4 ||     4
 Stab: Sleeping          |     6 |    15 |    15 ||    36
       Confused          |       |       |     3 ||     3
       Invisible         |       |       |     1 ||     1
       Paralysed         |       |       |     1 ||     1
Armor: Skin              |     6 |     1 |    38 ||    45
Dodge: Dodged            |    34 |    55 |    96 ||   185
Block: Buckler           |       |    15 |    48 ||    63
